 Dungeon Crawl Stone Soup version 0.31-a0-1370-gf52a5a9ab3 (webtiles) character file.

Game seed: 16267818749722809430

499 wildpjah the Covered (level 6, -1/47 HPs)
             Began as a Demonspawn Gladiator on Dec 24, 2023.
             Slain by a gnoll
             ... wielding a +0 spear
             ... led by a gnoll sergeant
              (2 damage)
             ... on level 5 of the Dungeon.
             The game lasted 00:07:53 (4262 turns).

wildpjah the Covered (Demonspawn Gladiator)         Turns: 4262, Time: 00:07:53

Health: -1/47      AC: 13    Str: 19    XL:     6   Next: 94%
Magic:  6/6        EV:  9    Int: 11    God:
Gold:   335        SH:  0    Dex: 14    Spells: 5/5 levels left

rFire   . . .        j - +0 dagger (vamp)
rCold   . . .        (no shield)
rNeg    . . .        n - +0 chain mail
rPois   .            c - +0 helmet
rElec   +            (no cloak)
rCorr   .            (no gloves)
SInv    +            A - +0 pair of boots
Will    .....        o - amulet "Fukeqidozo" {RegenMP Str+2 Int+3} Stlth
                     k - ring of Atheism {+Blink rElec SInv Stlth+}
HPRegen 0.27/turn    (no ring)
MPRegen 0.50/turn

%: no passive effects
@: no status effects
A: thin metallic scales 1, powered by death 1, spiny 1
a: Evoke Blink


You were on level 5 of the Dungeon.
You visited 1 branch of the dungeon, and saw 5 of its levels.
You also visited: Sewer.

You collected 335 gold pieces.

Inventory:

Hand Weapons
 a - a +0 long sword
 e - a +0 scimitar
 j - a +0 vampiric dagger (weapon)
Missiles
 C - a javelin
Armour
 b - a +0 leather armour
 c - a +0 helmet (worn)
 n - a +0 chain mail (worn)
 A - a +0 pair of boots (worn)
Magical Staves
 f - a staff of cold
Jewellery
 g - an amulet of the acrobat
 k - the ring of Atheism (left hand) {+Blink rElec SInv Stlth+}
   (You found it on level 2 of the Dungeon)

   [ring of see invisible]

   rElec:     It insulates you from electricity.
   SInv:      It lets you see invisible.
   +Blink:    It lets you blink.
   Stlth+:    It makes you more stealthy.
 o - the amulet "Fukeqidozo" (around neck) {RegenMP Str+2 Int+3}
   (You found it on level 3 of the Dungeon)

   [amulet of magic regeneration]

   RegenMP:   It increases your rate of magic regeneration.
   Str+2:     It affects your strength (+2).
   Int+3:     It affects your intelligence (+3).
Wands
 p - a wand of flame (14)
Scrolls
 i - a scroll of blinking
 q - 3 scrolls of identify {unknown}
 r - 2 scrolls of immolation {unknown}
 s - a scroll of brand weapon {unknown}
 t - a scroll of fear {unknown}
 y - a scroll of enchant weapon {unknown}
 B - 2 scrolls of teleportation {unknown}
 D - a scroll of noise {unknown}
Potions
 h - a potion of curing {unknown}
 l - 2 potions of mutation {unknown}
 m - a potion of lignification {unknown}
 u - a potion of degeneration {unknown}
 v - a potion of brilliance {unknown}
 w - a potion of cancellation {unknown}
 x - 2 potions of enlightenment {unknown}
 z - a potion of heal wounds {unknown}


   Skills:
 + Level 3.0 Fighting
 + Level 3.0(3.9) Short Blades
 + Level 3.5(4.1) Long Blades
 + Level 1.8 Throwing
 + Level 3.7 Armour
 + Level 3.5 Dodging
 + Level 0.9 Stealth


You had 5 spell levels left.
You didn't know any spells.
Your spell library contained the following spells:

 Spells                   Type           Power      Damage    Failure   Level
 Apportation              Tloc           0%         N/A       96%         1
 Ensorcelled Hibernation  Hex/Ice        0%         N/A       99%         2
 Jinxbite                 Hex            0%         N/A       99%         2
 Fugue of the Fallen      Necr           0%         N/A       100%        3
 Anguish                  Hex/Necr       0%         N/A       100%        4
 Alistair's Intoxication  Alch           0%         N/A       100%        5
 Summon Forest            Summ/Tloc      0%         N/A       100%        5
 Eringya's Noxious Bog    Alch           0%         4d6       100%        6
 Summon Hydra             Summ           0%         N/A       100%        7


Dungeon Overview and Level Annotations

Branches:
Dungeon (5/15)              Sewer (visited)
 Temple: D:4-7

Altars:
Fedhas
Vehumet

Annotations:
D:5 Eustachio


Innate Abilities, Weirdness & Mutations

You are partially covered in thin metallic scales. (AC +2)
You regenerate a little health from kills.
You are partially covered in sharp spines.


Message History

Eustachio hits you with a +0 rapier.
The gnoll sergeant hits you but does no damage.
The gnoll hits you but does no damage. x2; The gnoll struggles against the net.
The net rips apart, and the gnoll comes free!
You hit Eustachio but do no damage.
Eustachio is almost dead.
Eustachio completely misses you.
The gnoll sergeant is struck by your spines.
The gnoll sergeant hits you with a +0 spear.
The gnoll is struck by your spines. The gnoll closely misses you.
The gnoll hits you with a +0 whip.
You hit Eustachio but do no damage.
Eustachio is almost dead.
The gnoll is struck by your spines. The gnoll hits you with a +0 spear.
Eustachio hits you with a +0 rapier.
The gnoll sergeant is struck by your spines.
The gnoll sergeant hits you but does no damage.
The gnoll hits you but does no damage.
You hit Eustachio but do no damage.
Eustachio is almost dead.
The gnoll hits you with a +0 whip. The gnoll hits you but does no damage.
Eustachio hits you with a +0 rapier. The gnoll sergeant barely misses you.
The gnoll hits you with a +0 whip!
* * * LOW HITPOINT WARNING * * *
Unknown command.
You closely miss Eustachio.
Eustachio is almost dead.
The gnoll is struck by your spines. The gnoll closely misses you.
The gnoll barely misses you.
Unknown command.
Activating: Evoke Blink (28% risk of failure)
Press: ? - help, Q - select action, (/) - cycle Dir - look around, f - activate You fail to use your ability.
Eustachio hits you with a +0 rapier!
* * * LOW HITPOINT WARNING * * *
The gnoll sergeant hits you with a +0 spear!
* * * LOW HITPOINT WARNING * * *
The gnoll barely misses you. The gnoll misses you.
The gnoll hits you with a +0 spear.
You die...

.... ..............#
#.............#
#...........# # ###
####...........##
..###..##..............##
........@g...............
........@gg..(.....ยง.....
........gg............##.
........#########.....##.
......### ######### .....#
# ..... # .... ## ### ##.
#..


You could see Eustachio, a gnoll sergeant and 4 gnolls.

Vanquished Creatures
  A centaur (D:4)
  A kobold brigand (Sewer)
  Blork the orc (D:5)
  A jelly (D:4)
  An iguana (D:4)
  A gnoll (D:4)
  8 adders
  3 river rats
  5 worms
  2 dart slugs
  2 orcs (D:3)
  11 endoplasms
  5 giant cockroaches
  4 goblins
  3 hobgoblins (D:2)
  5 jackals (D:4)
  7 quokkas
  12 ball pythons
  4 bats
  5 frilled lizards
  8 kobolds
  15 rats
105 creatures vanquished.

Notes
Turn   | Place    | Note
-------+----------+-------------------------------------------
     0 | D:1      | wildpjah the Demonspawn Gladiator began the quest for the
                  | Orb.
     0 | D:1      | Reached XP level 1. HP: 16/16 MP: 1/1
   157 | D:1      | Gained mutation: You are partially covered in sharp spines.
                  | [demonic ancestry]
   157 | D:1      | Reached XP level 2. HP: 22/22 MP: 2/2
   910 | D:1      | Reached XP level 3. HP: 25/27 MP: 3/3
  1031 | D:2      | Identified the ring of Atheism {+Blink rElec SInv Stlth+}
  1263 | D:2      | Reached skill level 1 in Armour
  1757 | D:3      | Found a blossoming altar of Fedhas.
  1765 | D:3      | Found a radiant altar of Vehumet.
  1775 | D:3      | Reached XP level 4. HP: 33/33 MP: 4/4
  1779 | D:3      | Identified the amulet "Fukeqidozo" {RegenMP Str+2 Int+3}
  2179 | D:3      | Found a glowing drain.
  2187 | Sewer    | Entered a sewer
  2269 | Sewer    | Reached skill level 1 in Short Blades
  2269 | Sewer    | Gained mutation: You regenerate a little health from kills.
                  | [demonic ancestry]
  2269 | Sewer    | Reached XP level 5. HP: 32/39 MP: 5/5
  3316 | D:4      | Gained mutation: You are partially covered in thin metallic
                  | scales. (AC +2) [demonic ancestry]
  3316 | D:4      | Reached XP level 6. HP: 42/46 MP: 6/6
  3902 | D:5      | Entered Level 5 of the Dungeon
  3953 | D:5      | Noticed Blork the orc
  3971 | D:5      | Killed Blork the orc
  4226 | D:5      | Noticed Eustachio
  4262 | D:5      | HP: 1/47 [gnoll sergeant/+0 spear (7)]
  4262 | D:5      | Slain by a gnoll

Illustrated notes

Levels and vault maps discovered:
D:1:      lightli_arrival_chessboard, layout_basic
D:2:      layout_loops_ring, chequers_serial_rivers_small_b, patterned_corridor
D:3:      layout_basic, vehumet_altar_wand_db, fedhas_altar_3,
          portal_sewer_entry_e
D:4:      layout_basic
D:5:      layout_cave_pods, old_standard_altar, elyvilon_altar_3,
          uniq_eustachio, uniq_blork_the_orc, uniq_duvessa

Skill      XL: |  1  2  3  4  5  6 |
---------------+-------------------+-----
Long Blades    | 3 |  3.5
Dodging        | 3 |  3.5
Armour         | 1 3 |  3.7
Short Blades   | 1 3 |  3.0
Fighting       | 3 |  3.0
Throwing       | |  1.8
Stealth        | |  0.9

Action                     |  1- 3 |  4- 6 || total
---------------------------+-------+-------++-------
  Melee: Long sword        |    65 |       ||    65
         Dagger            |    83 |   258 ||   341
         Punch             |       |     3 ||     3
  Throw: Throwing net      |       |     5 ||     5
         Javelin           |       |     1 ||     1
Ability: Evoke Blink       |       |     1 ||     1
  Evoke: Wand              |       |     1 ||     1
    Use: Scroll            |     1 |       ||     1
   Stab: Sleeping          |     1 |       ||     1
         Held in net/web   |       |     3 ||     3
 Armour: Leather armour    |    35 |       ||    35
         Chain mail        |    11 |   180 ||   191
  Dodge: Dodged            |   103 |    89 ||   192

Table legend: (Time is in decaauts)
 A = Elapsed time spent in this place.
 B = Non-inter-level travel time spent in this place.
 C = Inter-level travel time spent in this place.
 D = Time resting spent in this place.
 E = Time spent auto-exploring this place.
 F = Levels seen in this place.
 G = Mean time per level.
                   A        B        C        D        E       F      G
               +--------+--------+--------+--------+--------+-----+--------+
         Total |   4318 |   4181 |    137 |      0 |   3322 |   6 |  719.7 |
       Dungeon |   3650 |   3513 |    137 |      0 |   2855 |   5 |  730.0 |
         Sewer |    667 |    667 |      0 |      0 |    467 |   1 |  667.0 |
               +--------+--------+--------+--------+--------+-----+--------+

Top non-repeatable levels by time:
     D:1: 977 daAuts
     D:4: 910 daAuts
     D:2: 761 daAuts
     D:3: 691 daAuts
   Sewer: 667 daAuts
     D:5: 310 daAuts
